 Dungeon Crawl Stone Soup version 0.23.2-30-g0e89c35649 (webtiles) character file.

Game seed: 5598806435436819597

36 funkygono the Skirmisher (level 3, -2/30 HPs)
             Began as a Formicid Abyssal Knight on June 16, 2019.
             Was a Follower of Lugonu.
             Slain by a worm (9 damage)
             ... on level 2 of the Dungeon.
             The game lasted 00:02:19 (821 turns).

funkygono the Skirmisher (Formicid Abyssal Knight)   Turns: 821, Time: 00:02:20

Health: -2/30      AC:  3    Str: 17    XL:     3   Next: 57%
Magic:  4/4        EV: 11    Int: 11    God:    Lugonu [*.....]
Gold:   38         SH:  0    Dex: 10    Spells: 2/2 levels left

rFire    . . .     SeeInvis +   a - +1 mace
rCold    . . .     Gourm    .   (no shield)
rNeg     . . .     Faith    .   b - +0 leather armour
rPois    .         Spirit   .   (helmet unavailable)
rElec    .         Reflect  .   (no cloak)
rCorr    .         Harm     .   (no gloves)
MR       .....                  (no boots)
Stlth    +.........             (no amulet)
HPRegen  0.10/turn              (no ring)
MPRegen  0.09/turn              (no ring)

@: no status effects
A: permanent stasis, dig shafts and tunnels, four strong arms, antennae 3
a: Dig, Shaft Self, Depart the Abyss, Renounce Religion


You were on level 2 of the Dungeon.
You worshipped Lugonu.
Lugonu was aware of your devotion.
You were not hungry.

You visited 1 branch of the dungeon, and saw 2 of its levels.
You visited the Abyss 1 time.

You collected 38 gold pieces.

Inventory:

Hand Weapons
 a - a +1 mace (weapon)
Missiles
 e - 40 stones (quivered)
 k - 22 sling bullets
Armour
 b - a +0 leather armour (worn)
Scrolls
 f - a scroll of magic mapping {unknown}
 g - a scroll of enchant armour {unknown}
 h - a scroll of fear {unknown}
 j - a scroll of blinking {unknown}
 l - a scroll of teleportation {unknown}
Potions
 d - 2 potions of curing {unknown}
 i - a potion of degeneration {unknown}
Comestibles
 c - 4 rations


   Skills:
 + Level 4.0 Fighting
 + Level 2.5 Maces & Flails
 + Level 2.5 Armour
 + Level 1.0 Dodging
 + Level 2.5 Invocations


You had 2 spell levels left.
You didn't know any spells.
Your spell library was empty.

Dungeon Overview and Level Annotations

Branches:
Dungeon (1/15)

Altars:
Gozag


Innate Abilities, Weirdness & Mutations

You cannot be hasted, slowed, berserked, paralysed or teleported.
You can dig through walls and to a lower floor.
Your four strong arms can wield two-handed weapons with a shield.
You have a pair of large antennae on your head. (SInv)


Message History

The worm bites you.
You hit the worm.
The worm is heavily wounded.
The worm bites you.
You thump the worm!
The worm is almost dead.
The worm closely misses you.
You hit the worm but do no damage.
The worm is severely wounded.
The worm closely misses you.
You hit the worm but do no damage.
The worm is severely wounded.
You hit the worm.
The worm is severely wounded.
The worm bites you.
* * * LOW HITPOINT WARNING * * *
You hit the worm.
The worm is severely wounded.
The worm bites you!
You die...

#.# #.# #
#.###.#.#
#......#
#..##.#.#
#..##.##.#
#..........
##.##.###.#
#@#......#
#w#>.....#
#.........
###.w....#
..%...#
.##.... .#
##. .# ..


You could see a worm.

Vanquished Creatures
  An adder (D:2)
  A worm (D:2)
  A dart slug (D:2)
  4 bats (D:2)
  2 goblins (D:2)
  4 hobgoblins
  4 jackals (D:2)
  A frilled lizard (D:2)
  2 rats (D:2)
20 creatures vanquished.

Notes
Turn   | Place    | Note
-------+----------+-------------------------------------------
     0 | Abyss:1  | funkygono the Formicid Abyssal Knight began the quest for
                  | the Orb.
     0 | Abyss:1  | Reached XP level 1. HP: 18/18 MP: 2/2
    23 | Abyss:1  | Noticed an iron imp
    27 | Abyss:1  | Found a blossoming altar of Fedhas.
    60 | Abyss:1  | Noticed a bone dragon
    95 | Abyss:1  | Noticed an eight-headed hydra skeleton
    96 | Abyss:1  | Noticed a worldbinder
    99 | Abyss:1  | Noticed a merfolk siren
    99 | Abyss:1  | Noticed a manticore
    99 | Abyss:1  | Noticed a merfolk siren
   101 | D:1      | Escaped the Abyss
   171 | D:1      | You fall through a shaft!
   178 | D:2      | Found an opulent altar of Gozag.
   227 | D:2      | Reached * piety under Lugonu
   227 | D:2      | Reached XP level 2. HP: 19/24 MP: 3/3
   277 | D:2      | Reached XP level 3. HP: 21/30 MP: 4/4
   405 | D:2      | Reached skill level 1 in Dodging
   812 | D:2      | Reached skill level 4 in Fighting
   821 | D:2      | Slain by a worm

Skill      XL: |  1  2  3 |
---------------+----------+-----
Dodging        | 1 |  1.0
Fighting       | 4 |  4.0
Maces & Flails | |  2.5
Armour         | |  2.5
Invocations    | |  2.5

Action                   || total
-------------------------++-------
Melee: Mace              ||    67
Invok: Depart the Abyss  ||     1
Armor: Leather armour    ||    23
Dodge: Dodged            ||    43
